 Dungeon Crawl Stone Soup version 0.13-a0-2505-g5f0fbe2 (webtiles) character file.

218 Rycklaryybbe the Vexing (level 4, 0/30 HPs)
             Began as a Vampire Enchanter on July 23, 2013.
             Slain by an adder (4 damage)
             ... on Level 3 of the Dungeon.
             The game lasted 00:05:35 (1441 turns).

Rycklaryybbe the Vexing (Vampire Enchanter)         Turns: 1441, Time: 00:05:35

HP   0/30        AC  0     Str  8      XL: 4   Next: 14%
MP   0/8         EV 12     Int 17      God:
Gold 141         SH  0     Dex 14      Spells:  2 memorised,  2 levels left

Res.Fire  : . . .   See Invis. : +   l - +0 short sword
Res.Cold  : . . .   Warding    : .   j - +0 robe (curse)
Life Prot.: . . .   Conserve   : .   (no shield)
Res.Poison: .       Res.Corr.  : .   (no helmet)
Res.Elec. : .       Clarity    : .   r - +2 cloak
Sust.Abil.: . .     Spirit.Shd : .   (no gloves)
Res.Mut.  : .       Stasis     : .   (no boots)
Res.Rott. : .       Flight     : .   (no amulet)
Saprovore : . . .                    (no ring)
                                     m - cursed -5 ring of protection

@: regenerating quickly, mildly poisoned, slightly resistant to hostile
enchantments, stealthy
A: fangs 3, see invisible, unbreathing
a: no special abilities


You were on level 3 of the Dungeon.
You were full.

You visited 1 branch of the dungeon, and saw 3 of its levels.

You collected 121 gold pieces.

Inventory:

Hand weapons
 a - a +1,+1 dagger {=f}
 l - a +0,+0 short sword (weapon)
Missiles
 d - 12 darts (quivered)
 o - 19 poisoned needles
Armour
 b - a +1 robe
 j - a cursed +0 robe (worn)
 r - a +2 cloak (worn)
Scrolls
 f - a scroll of blinking
 h - 3 scrolls of identify
 k - a scroll of recharging {unknown}
 n - 2 scrolls of teleportation
 p - 2 scrolls of random uselessness {unknown}
 q - a scroll of magic mapping {unknown}
 s - a scroll of amnesia {unknown}
Jewellery
 m - a cursed -5 ring of protection (left hand)
Potions
 e - a potion of blood
 g - 3 potions of heal wounds {unknown}
 i - a potion of invisibility {unknown}
 t - a potion of might {unknown}
Books
 c - a book of Maledictions

   Spells                             Type                      Level
   *Corona                            Hexes                        1
   Sure Blade                         Hexes/Charms                 2
   *Ensorcelled Hibernation           Hexes/Ice                    2
   Confuse                            Hexes                        3
   Enslavement                        Hexes                        4
   Invisibility                       Hexes                        6


   Skills:
 + Level 4.1 Short Blades
 - Level 0.7 Throwing
 - Level 2.1 Dodging
 - Level 3.8 Stealth
 - Level 1.0 Spellcasting
 - Level 4.4 Hexes


You had 2 spell levels left.
You knew the following spells:

 Your Spells              Type           Power        Failure   Level  Hunger
a - Corona                Hex            ###....      3%          1    ##.....
b - Ensorcelled Hibernat  Hex/Ice        #.....       17%         2    ###....


Dungeon Overview and Level Annotations

Branches:
Dungeon (3/27)

Altars:
Cheibriados
Sif Muna


Innate Abilities, Weirdness & Mutations

Your natural rate of healing is unusually fast.
You have razor-sharp teeth.*
You have supernaturally acute eyesight.
You can survive without breathing.*


Message History

The goblin unwields an uncursed club.
The goblin wields a sling.
The goblin shoots a stone.
The stone misses you. The adder misses you.
Casting: Ensorcelled Hibernation
Confirm with . or Enter, or press ? or * to list all spells.
Aiming: Ensorcelled Hibernation
Press: ? - help, Shift-Dir - straight line, f/p - adder
Aim: an adder (moderately wounded)
The adder resists with some effort.
* * * LOW HITPOINT WARNING * * *
You feel sick. The adder bites you.
* * * LOW HITPOINT WARNING * * *
You barely miss the adder. You bite the adder.
The adder is severely wounded.
The adder closely misses you.
The goblin unwields an uncursed sling.
The goblin wields an uncursed club.
The goblin misses you.
You miss the adder.
The adder is severely wounded.
The adder bites you.
You die...

#.# #.# #.# #.# #.# #.# #.#
#.#### #.# # #....# ###'## .#
#....# #....# ..######....#
#....#........(....#
#..............@...#
###'#####.....gS####
#...........#......#
##...#######.#......#
...#................#####..?.
.#.#.#.#####...#+###%........
...................+.........
.#.#.....####..#.###........
.#.#.....# ...#.# #........


You could see an adder and a goblin.

Vanquished Creatures
  4 adders
  A worm (D:2)
  A giant gecko (D:2)
  An orc (D:3)
  4 giant cockroaches
  5 goblins
  6 hobgoblins
  4 jackals (D:2)
  4 bats (D:2)
  A giant newt (D:2)
  2 kobolds
  5 rats (D:1)
38 creatures vanquished.

Notes
Turn   | Place    | Note
--------------------------------------------------------------
     0 | D:1      | Rycklaryybbe, the Vampire Enchanter, began the quest for the Orb.
     0 | D:1      | Reached XP level 1. HP: 13/13 MP: 4/4
   315 | D:1      | Reached XP level 2. HP: 17/19 MP: 5/5
   319 | D:1      | Learned a level 2 spell: Ensorcelled Hibernation
   935 | D:2      | Reached XP level 3. HP: 21/24 MP: 6/6
  1246 | D:2      | Reached XP level 4. HP: 18/30 MP: 0/8
  1301 | D:2      | Found a snail-covered altar of Cheibriados.
  1301 | D:2      | Found a deep blue altar of Sif Muna.
  1441 | D:3      | Slain by an adder

Action                   |  1- 3 |  4- 6 || total
-------------------------+-------+-------++-------
Melee: Dagger            |    54 |       ||    54
       Short sword       |    68 |    19 ||    87
 Cast: Corona            |     2 |       ||     2
       Ensorcelled Hiber |    12 |     5 ||    17
  Use: Scroll            |     2 |       ||     2
 Stab: Sleeping          |    11 |     2 ||    13
